 Dungeon Crawl Stone Soup version 0.31-a0-188-g5e087ee2ca (webtiles) character file.

Game seed: 14871254800786039644

103 qw the Shooter (level 4, -4/25 HPs)
             Began as a Deep Elf Hunter on June 23, 2023.
             Slain by an orc
             ... wielding a +0 mace
              (5 damage)
             ... on level 3 of the Dungeon.
             The game lasted 00:00:39 (2090 turns).

qw the Shooter (Deep Elf Hunter)                    Turns: 2090, Time: 00:00:40

Health: -4/25      AC:  5    Str: 10    XL:     4   Next: 51%
Magic:  6/6        EV: 11    Int: 14    God:
Gold:   106        SH:  0    Dex: 18    Spells: 3/3 levels left

rFire   . . .        Y - +0 shortbow
rCold   . . .        (shield currently unavailable)
rNeg    . . .        k - +0 ring mail
rPois   .            (no helmet)
rElec   .            (no cloak)
rCorr   .            (no gloves)
SInv    .            (no boots)
Will    .....        (no amulet)
Stlth   +            (no ring)
HPRegen 0.24/turn    (no ring)
MPRegen 0.10/turn

%: no passive effects
@: no status effects
A: no striking features
a: no special abilities


You were on level 3 of the Dungeon.
You visited 1 branch of the dungeon, and saw 3 of its levels.

You collected 106 gold pieces.


   Skills:
 - Level 1.5 Fighting
 + Level 7.9 Ranged Weapons
 - Level 2.4 Dodging
 - Level 1.2 Stealth


You had 3 spell levels left.
You didn't know any spells.
Your spell library was empty.

Inventory:

Hand Weapons
 Y - a +0 shortbow (weapon)
Armour
 k - a +0 ring mail (worn)
Scrolls
 b - 2 scrolls of identify
 c - a scroll of fear {unknown}
Potions
 a - a potion of resistance {unknown}
 e - a potion of might {unknown}
 g - a potion of enlightenment {unknown}
 h - a potion of lignification {unknown}
 i - 2 potions of heal wounds {unknown}
 j - a potion of haste {unknown}

Dungeon Overview and Level Annotations

Branches:
Dungeon (3/15)

Altars:


Message History

You shoot an arrow. The arrow hits the orc priest!
The orc priest is heavily wounded.
An orc comes into view. It is wielding a +0 mace.
You shoot an arrow. The arrow barely misses the orc priest.
The orc shouts!
You hear a shout!
The orc priest invokes the aid of Beogh against you.
Beogh smites you!
Ouch! That really hurt!
You hear a shout!
You shoot an arrow.
The arrow hits the orc priest but does no damage.
The orc priest is heavily wounded.
You shoot an arrow.
The arrow hits the orc priest but does no damage.
The orc priest is heavily wounded.
A giant cockroach comes into view.
An orc comes into view. It is wielding a +0 hand axe.
An orc comes into view. It is wielding a +0 war axe.
You shoot an arrow. The orc shouts!
The arrow hits the orc priest but does no damage.
The orc priest is heavily wounded.
The orc priest hits you with a +0 hand axe.
You shoot an arrow.
The arrow hits the orc priest but does no damage.
The orc priest is heavily wounded.
The orc priest closely misses you.
You shoot an arrow. The arrow barely misses the orc priest.
The arrow hits the giant cockroach.
The giant cockroach is heavily wounded.
The orc priest hits you with a +0 hand axe.
The orc hits you with a +0 mace.
You shoot an arrow.
The arrow closely misses the orc priest.
The arrow closely misses the giant cockroach.
The arrow hits the orc but does no damage.
The orc priest hits you with a +0 hand axe.
The orc hits you with a +0 mace.
You die...

#.#.#.####
#.....#
##..###
..#####..#
#........#
...####..#
. #..#
...o####..#
.)..oBo@..#
###...o...#
<....######
.... ... ..
.


You could see an orc priest, 3 orcs and a giant cockroach.

Vanquished Creatures
  Jessica (D:2)
  2 gnolls (D:1)
  2 worms (D:2)
  A dart slug (D:1)
  An orc (D:3)
  5 endoplasms
  5 giant cockroaches
  6 goblins
  2 hobgoblins (D:2)
  4 jackals (D:1)
  6 ball pythons
  3 bats
  A frilled lizard (D:2)
  3 kobolds (D:2)
  5 rats
47 creatures vanquished.

Notes
Turn   | Place    | Note
-------+----------+-------------------------------------------
     0 | D:1      | qw the Deep Elf Hunter began the quest for the Orb.
     0 | D:1      | Reached XP level 1. HP: 12/12 MP: 3/3
     0 | D:1      | 0 ||| qw: Version: 0.3-a-9-g12657ce
     0 | D:1      | 0 ||| qw: Game counter: 3329
     0 | D:1      | 0 ||| qw: Always use a shield: true
     0 | D:1      | 0 ||| qw: God list: Okawaru
     0 | D:1      | 0 ||| qw: Allow faded altars: false
     0 | D:1      | 0 ||| qw: Do Orc after D:15 true
     0 | D:1      | 0 ||| qw: Do second Lair branch before Depths: true
     0 | D:1      | 0 ||| qw: Lair rune preference: random
     0 | D:1      | 0 ||| qw: Plans: Normal
     0 | D:1      | 0 ||| PLANNING D:1-11
   160 | D:1      | 160 ||| FLEEEEING.
   254 | D:1      | Reached XP level 2. HP: 16/16 MP: 4/4
   265 | D:1      | Reached skill level 6 in Ranged Weapons
   420 | D:1      | Reached XP level 3. HP: 20/20 MP: 5/5
   865 | D:1      | 865 ||| UPGRADING to +0 ring mail.
   875 | D:1      | 875 ||| DROPPING +0 leather armour.
   876 | D:1      | 876 ||| READING scroll labelled UNKI MIHULA.
   977 | D:1      | 977 ||| READING scroll labelled HAEXECS KALUT.
   978 | D:1      | 978 ||| DROPPING scroll of butterflies.
  1018 | D:2      | Reached skill level 7 in Ranged Weapons
  1597 | D:2      | Reached XP level 4. HP: 25/25 MP: 6/6
  1757 | D:2      | Noticed Jessica
  1761 | D:2      | Killed Jessica
  1880 | D:2      | 1880 ||| READING scroll labelled AREROF SIYBAMP.
  1883 | D:2      | 1883 ||| READING scroll labelled TOAFUG KEABLUI.
  1884 | D:2      | 1884 ||| DRINKING 2 brown potions.
  1885 | D:2      | 1885 ||| DROPPING potion of invisibility.
  2089 | D:3      | HP: 5/25 [orc/+0 mace (4)]
  2090 | D:3      | HP: 1/25 [orc priest/+0 hand axe (4)]
  2090 | D:3      | Slain by an orc

Levels and vault maps discovered:
D:1:      saegor_arrival_simple_a, layout_loops_corners,
          minmay_misc_feat_secret_circle, nicolae_grassy_gnolls
D:2:      layout_basic, minmay_misc_feat_alley, nrook_loot_triangle,
          uniq_jessica
D:3:      layout_basic, grunt_ministairs_13, uniq_sigmund

Skill      XL: |  1  2  3 |
---------------+----------+-----
Ranged Weapons | 6 7 |  7.9
Fighting       | |  1.5
Dodging        | |  2.4
Stealth        | |  1.2

Action                     |  1- 3 |  4- 6 || total
---------------------------+-------+-------++-------
   Fire: Shortbow          |   103 |    47 ||   150
    Use: Scroll            |     2 |     2 ||     4
         Potion            |       |     1 ||     1
 Armour: Leather armour    |     3 |       ||     3
         Ring mail         |     5 |     3 ||     8
  Dodge: Dodged            |    21 |     6 ||    27

Table legend:
 A = Non-vault XP
 B = Vault XP
 C = Vault XP percentage of total XP
 D = Non-vault monster count
 E = Vault monster count
 F = Vault count percentage of total count
                 A         B        C        D         E       F
            +---------+---------+-------+---------+---------+-------
      Total |      96 |      52 |  35.1 |      45 |       2 |   4.3
            +---------+---------+-------+---------+---------+-------
        D:1 |      44 |      15 |  25.4 |      17 |       1 |   5.6
        D:2 |      38 |      37 |  49.3 |      21 |       1 |   4.5
        D:3 |      14 |       0 |   0.0 |       7 |       0 |   0.0
            +---------+---------+-------+---------+---------+-------
